[Event "ICC tourney 2040 (30 10)"]
[Site "Internet Chess Club"]
[Date "2020.10.04"]
[Round "1"]
[White "Chessking2008"]
[Black "wahoo"]
[Result "1-0"]
[ICCResult "Black checkmated"]
[WhiteElo "2179"]
[BlackElo "1762"]
[Opening "English: Carls' Bremen system"]
[ECO "A22"]
[NIC "EO.10"]
[Time "11:07:58"]
[TimeControl "1800+10"]

1. c4 Nf6 2. Nc3 e5 3. g3 Bc5 4. Bg2 d6 5. e3 Nc6 6. Nge2 O-O 7. O-O Bf5 8.
d4 exd4 9. exd4 Bb6 10. a3 Bg4 11. Be3 a5 12. h3 Bh5 13. Qd2 Re8 14. Nf4 Bg6
15. Nxg6 hxg6 16. Rfe1 Qd7 17. Rad1 Re7 18. c5 dxc5 19. d5 Nd4 20. Bg5 Rae8
21. Bxf6 gxf6 22. Kh2 Qf5 23. Rxe7 Rxe7 24. d6 Rd7 25. Nd5 Kg7 26. Nxc7 Bxc7
27. dxc7 Nf3+ 28. Bxf3 Rxd2 29. Rxd2 Qc8 30. Be2 Qxc7 31. a4 Qe5 32. Bc4 f5
33. b3 Qc7 34. f3 b6 35. Kg2 Qe7 36. Kf2 g5 37. Rd5 Qf6 38. Rd2 g4 39. hxg4
fxg4 40. Rd3 Kg6 41. Ke2 Qe5+ 42. Kf2 f5 43. f4 Qf6 44. Re3 Qd4 45. Ke2 Qb2+
46. Kf1 Qc1+ 47. Kf2 Qc2+ 48. Re2 Qd1 49. Re6+ Kg7 50. Re7+ Kf8 51. Re3 Qh1
52. Be6 Qh2+ 53. Ke1 Qg1+ 54. Ke2 Qg2+ 55. Kd3 Qf1+ 56. Kd2 Qf2+ 57. Kd3 Qb2
58. Bc4 Qb1+ 59. Ke2 Qc2+ 60. Kf1 Qd1+ 61. Kf2 Qd2+ 62. Re2 Qd1 63. Re3 Qd4
64. Ke2 Qb2+ 65. Kf1 Qd2 66. Rd3 Qh2 67. Re3 Qd2 68. Rd3 Qb4 69. Ke2 Ke7 70.
Re3+ Kd8 71. Rd3+ Kc7 72. Bb5 Kc8 73. Bd7+ Kc7 74. Bb5 Qe4+ 75. Kf2 Qe6 76.
Bc4 Qe7 77. Bb5 Qe4 78. Rd7+ Kc8 79. Rd3 Qb4 80. Bc4 Qa3 81. Be6+ Kc7 82.
Bc4 Qb2+ 83. Ke1 Qc1+ 84. Ke2 Qg1 85. Kd2 Qf2+ 86. Kc1 Qe1+ 87. Kb2 Kc8 88.
Ba6+ Kc7 89. Bb5 Kb7 90. Bc4 Qe2+ 91. Ka1 Qc2 92. Bb5 Kc7 93. Rd7+ Kc8 94.
Rd3 Qc1+ 95. Ka2 Qc2+ 96. Ka1 Kb8 97. Rd8+ Kc7 98. Rd7+ Kc8 99. Rd3 c4 100.
Bxc4 Kc7 101. Bb5 Qc1+ 102. Ka2 Kb7 103. Rd7+ Kc8 104. Rd3 Qc2+ 105. Ka1 Qc5
106. Kb2 Qf2+ 107. Kc3 Qc5+ 108. Kd2 Kb8 109. Rd8+ Kc7 110. Rd7+ Kc8 111.
Rd3 Qb4+ 112. Ke3 Qe1+ 113. Kd4 Qg1+ 114. Ke5 Qc5+ 115. Kf6 Kc7 116. Kg5 Qf8
117. Rd7+ Kb8 118. Bc4 Kc8 119. Rf7 Qg8+ 120. Kxf5 Qe8 121. Kxg4 Qg8+ 122.
Kf3 Qg6 123. f5 Qc6+ 124. Kf4 Qd6+ 125. Kg4 Qd4+ 126. Kh5 Qh8+ 127. Kg6 Qg8+
128. Rg7 Qe8+ 129. Bf7 Qc6+ 130. Be6+ Kb8 131. g4 Qe8+ 132. Kh7 Qc6 133. g5
Qf3 134. g6 Qh5+ 135. Kg8 Qg5 136. Rf7 Ka8 137. g7 Qh4 138. Rd7 Qh5 139. Kf8
Qh6 140. Ke8 Qh5+ 141. Kd8 Qg5+ 142. Kc8 Qc1+ 143. Rc7 Qh1 144. g8=Q Qb7+
145. Rxb7 b5 146. Kc7# {Black checkmated} 1-0

[Event "ICC tourney 2040 (30 10)"]
[Site "Internet Chess Club"]
[Date "2020.10.04"]
[Round "2"]
[White "Natey"]
[Black "BreatheChessAls"]
[Result "1-0"]
[ICCResult "Black resigns"]
[WhiteElo "1715"]
[BlackElo "1896"]
[Opening "Sicilian: Labourdonnais-Löwenthal (Kalashnikov) variation"]
[ECO "B32"]
[NIC "SI.32"]
[Time "13:05:22"]
[TimeControl "1800+10"]

1. e4 c5 2. Nf3 Nc6 3. d4 cxd4 4. Nxd4 e5 5. Nb5 d6 6. N1c3 a6 7. Na3 Be7 8.
Be2 Nf6 9. Bg5 O-O 10. Bxf6 Bxf6 11. Nd5 Be6 12. c3 b5 13. Nc2 Bxd5 14. exd5
Nb8 15. O-O Nd7 16. Ne3 g6 17. a4 bxa4 18. Qxa4 Nc5 19. Qc2 a5 20. b4 Nd7
21. Nc4 axb4 22. cxb4 Nb6 23. Nxb6 Qxb6 24. Qc6 Qxc6 25. dxc6 Rab8 26. b5 d5
27. Rac1 Rfc8 28. c7 Rb7 29. b6 Bg5 30. Ba6 Rxb6 31. Bxc8 Bxc1 32. Rxc1 d4
33. Bg4 d3 34. c8=Q+ Kg7 35. Qc3 {Black resigns} 1-0

[Event "ICC tourney 2040 (30 10)"]
[Site "Internet Chess Club"]
[Date "2020.10.04"]
[Round "2"]
[White "Openyagami"]
[Black "Chessking2008"]
[Result "1-0"]
[ICCResult "Black checkmated"]
[WhiteElo "2577"]
[BlackElo "2174"]
[Opening "King's Indian: Makagonov system (5.h3)"]
[ECO "E71"]
[NIC "KI.30"]
[Time "13:06:01"]
[TimeControl "1800+10"]

1. c4 Nf6 2. Nc3 g6 3. e4 d6 4. d4 Bg7 5. h3 O-O 6. Be3 Nbd7 7. Nf3 e5 8. d5
Nh5 9. Nh2 Bf6 10. Be2 Nf4 11. Bf3 Bg5 12. h4 Nxg2+ 13. Bxg2 Bxe3 14. fxe3
Qxh4+ 15. Kd2 Qf2+ 16. Qe2 Qxe2+ 17. Kxe2 a6 18. Bh3 Kg7 19. Rag1 Nf6 20.
Bxc8 Raxc8 21. Ng4 Nxg4 22. Rxg4 c6 23. Kd3 Rh8 24. dxc6 bxc6 25. b4 h5 26.
Rg2 f6 27. a4 Kf7 28. b5 axb5 29. cxb5 d5 30. b6 Rcd8 31. a5 dxe4+ 32. Kc4
f5 33. b7 f4 34. a6 Rd7 35. Rb2 f3 36. a7 Rxb7 37. Rxb7+ Ke6 38. Rb8 Rxb8
39. axb8=Q Kf5 40. Qc8+ Kg5 41. Nxe4+ Kh6 42. Qh8# {Black checkmated} 1-0

[Event "ICC tourney 2040 (30 10)"]
[Site "Internet Chess Club"]
[Date "2020.10.04"]
[Round "2"]
[White "coolsportsguy"]
[Black "tcao"]
[Result "1-0"]
[ICCResult "Black resigns"]
[WhiteElo "2336"]
[BlackElo "2057"]
[Opening "Queen's pawn"]
[ECO "A40"]
[NIC "QO.17"]
[Time "13:05:17"]
[TimeControl "1800+10"]

1. d4 e6 2. Bf4 d5 3. e3 c5 4. c3 Nc6 5. Nf3 Nf6 6. Nbd2 Be7 7. Ne5 O-O 8.
Bd3 Nxe5 9. dxe5 Nd7 10. h4 c4 11. Bxh7+ Kxh7 12. Qh5+ Kg8 13. Nf3 f6 14.
Ng5 fxg5 15. hxg5 Rf5 16. Qh7+ Kf7 17. g6+ Ke8 18. Qxg7 Bf8 19. Qg8 Nc5 20.
Rh7 Nd3+ 21. Kf1 Nxf4 22. exf4 Rxf4 23. Rf7 Qe7 24. Rxe7+ {Black resigns}
1-0

[Event "ICC tourney 2040 (30 10)"]
[Site "Internet Chess Club"]
[Date "2020.10.04"]
[Round "2"]
[White "Xuanli28"]
[Black "ivo20"]
[Result "1-0"]
[ICCResult "Black checkmated"]
[WhiteElo "2253"]
[BlackElo "1337"]
[Opening "Philidor's defense"]
[ECO "C41"]
[NIC "KP.08"]
[Time "13:05:24"]
[TimeControl "1800+10"]

1. e4 e5 2. Nf3 d6 3. d4 Nc6 4. d5 Nb8 5. Nc3 h6 6. Be3 a6 7. Be2 Be7 8. O-O
Nd7 9. Nd2 Ndf6 10. f4 Nh7 11. Qe1 Bh4 12. Bf2 Bxf2+ 13. Qxf2 Ngf6 14. fxe5
dxe5 15. Nc4 Qe7 16. Rad1 O-O 17. d6 cxd6 18. Nxd6 Ng4 19. Nxc8 Raxc8 20.
Bxg4 Rcd8 21. Rxd8 Rxd8 22. Nd5 Qf8 23. h4 f6 24. Be6+ Kh8 25. Qf5 Qc5+ 26.
Kh1 Qf8 27. Qg6 Rd6 28. Bf5 Qg8 29. Ne7 Nf8 30. Qe8 Rd8 31. Qxd8 Ne6 32.
Qxg8# {Black checkmated} 1-0

[Event "ICC tourney 2040 (30 10)"]
[Site "Internet Chess Club"]
[Date "2020.10.04"]
[Round "2"]
[White "GutsyEdge"]
[Black "goodFriday"]
[Result "1/2-1/2"]
[ICCResult "Game drawn by mutual agreement"]
[WhiteElo "1977"]
[BlackElo "2195"]
[Opening "Catalan: closed, 5.Nf3"]
[ECO "E06"]
[NIC "CA.04"]
[Time "13:05:10"]
[TimeControl "1800+10"]

1. d4 d5 2. c4 e6 3. Nf3 Nf6 4. g3 Be7 5. Bg2 O-O 6. O-O b6 7. cxd5 exd5 8.
Nc3 Bb7 9. Bf4 Na6 10. Rc1 c5 11. a3 Qd7 12. Re1 h6 13. dxc5 bxc5 14. e4 d4
15. Nd5 Nxd5 16. exd5 Bd6 17. Bxd6 Qxd6 18. b4 Bxd5 19. bxc5 Nxc5 20. Nxd4
Bxg2 21. Kxg2 Rad8 22. Qc2 {Game drawn by mutual agreement} 1/2-1/2

[Event "ICC tourney 2040 (30 10)"]
[Site "Internet Chess Club"]
[Date "2020.10.04"]
[Round "2"]
[White "Mrpeetapizza"]
[Black "KnightHopper"]
[Result "0-1"]
[ICCResult "White resigns"]
[WhiteElo "1844"]
[BlackElo "2049"]
[Opening "Sicilian: dragon, Levenfish variation"]
[ECO "B71"]
[NIC "SI.15"]
[Time "13:05:15"]
[TimeControl "1800+10"]

1. e4 c5 2. Nf3 d6 3. d4 cxd4 4. Nxd4 Nf6 5. Nc3 g6 6. f4 Nc6 7. Bc4 Bg7 8.
Nxc6 bxc6 9. O-O Qb6+ 10. Kh1 O-O 11. h3 Bb7 12. Qf3 e6 13. Bb3 c5 14. Be3
Rfe8 15. Rad1 Nxe4 16. Nxe4 f5 17. Rxd6 Qc7 18. Rxe6 c4 19. Rxe8+ Rxe8 20.
Nd6 Bxf3 21. Nxe8 Bxg2+ 22. Kxg2 Qc6+ 23. Kh2 cxb3 24. Nxg7 Qxc2+ 25. Kg3
Qe2 26. axb3 Qxe3+ 27. Rf3 Qg1+ 28. Kh4 Kxg7 29. Rg3 Qf2 {White resigns} 0-1

[Event "ICC tourney 2040 (30 10)"]
[Site "Internet Chess Club"]
[Date "2020.10.04"]
[Round "2"]
[White "Leolix"]
[Black "StaciaMelinda"]
[Result "1-0"]
[ICCResult "Black resigns"]
[WhiteElo "1949"]
[BlackElo "1643"]
[Opening "Queen's pawn: London system"]
[ECO "A45"]
[NIC "QP.07"]
[Time "13:05:14"]
[TimeControl "1800+10"]

1. d4 Nf6 2. Bf4 d5 3. e3 Bf5 4. c4 c6 5. Qb3 Qb6 6. c5 Qxb3 7. axb3 Nbd7 8.
b4 e6 9. Nc3 Be7 10. h3 O-O 11. b5 Ne4 12. Nxe4 Bxe4 13. bxc6 bxc6 14. b4
Bf6 15. Bd6 Rfe8 16. f4 Bh4+ 17. Kd2 Be7 18. Bxe7 Rxe7 19. Nf3 Ree8 20. Ng5
Nf6 21. Bd3 Bxd3 22. Kxd3 Reb8 23. Rhb1 Ne8 24. Ra6 Rc8 25. Rba1 f6 26. Nxe6
Kf7 27. f5 g6 28. Rxa7+ Rxa7 29. Rxa7+ {Black resigns} 1-0

[Event "ICC tourney 2040 (30 10)"]
[Site "Internet Chess Club"]
[Date "2020.10.04"]
[Round "2"]
[White "conch"]
[Black "largecrab"]
[Result "1-0"]
[ICCResult "Black checkmated"]
[WhiteElo "2495"]
[BlackElo "2135"]
[Opening "Nimzo-Indian: classical variation"]
[ECO "E32"]
[NIC "NI.20"]
[Time "13:05:27"]
[TimeControl "1800+10"]

1. d4 Nf6 2. c4 e6 3. Nc3 Bb4 4. Qc2 O-O 5. a3 Bxc3+ 6. Qxc3 b6 7. Bg5 Bb7
8. e3 h6 9. Bh4 d5 10. Nf3 Nbd7 11. Be2 dxc4 12. Qxc4 a5 13. Qc2 Rc8 14. b4
c5 15. dxc5 axb4 16. axb4 bxc5 17. b5 Qb6 18. O-O Bxf3 19. Bxf3 Ne5 20. Be2
c4 21. Rfb1 Ra8 22. Rxa8 Rxa8 23. Bg3 Nfd7 24. Qe4 Ra2 25. Bxe5 Nxe5 26.
Bxc4 Ra4 27. Qxe5 Rxc4 28. h3 Rc5 29. Qd4 e5 30. Qd7 Qg6 31. Rd1 Kh7 32. Qe8
Qc2 33. Rd8 Qb1+ 34. Kh2 Qxb5 35. Qxf7 Qb1 36. Qg8+ Kg6 37. Rd6+ Kh5 38.
Qf7+ g6 39. Qf3+ Kg5 40. Qg4# {Black checkmated} 1-0

[Event "ICC tourney 2040 (30 10)"]
[Site "Internet Chess Club"]
[Date "2020.10.04"]
[Round "2"]
[White "challenger2010"]
[Black "TjkTiger"]
[Result "0-1"]
[ICCResult "White resigns"]
[WhiteElo "2139"]
[BlackElo "2602"]
[Opening "Sicilian: Hungarian variation"]
[ECO "B27"]
[NIC "SI.43"]
[Time "13:06:01"]
[TimeControl "1800+10"]

1. Nf3 c5 2. e4 g6 3. c3 d5 4. exd5 Qxd5 5. d4 Bg7 6. Na3 cxd4 7. Nb5 Na6 8.
cxd4 Nf6 9. Nc3 Qd6 10. g3 O-O 11. Bg2 Bf5 12. O-O Nb4 13. Bf4 Qb6 14. Nh4
Be6 15. Na4 Qb5 16. Nc5 Bd5 17. a4 Qc6 18. Nf3 b6 19. Nd3 Nxd3 20. Qxd3 Qb7
21. a5 bxa5 22. Rxa5 Rfc8 23. Rc5 Qxb2 24. Qa6 Qb7 25. Qa3 e6 26. Rfc1 Rxc5
27. dxc5 Rc8 28. Be5 a5 29. Nh4 g5 30. Bxd5 Qxd5 31. Bxf6 Bxf6 32. Ng2 Qd2
33. Rf1 Qc3 34. Qxc3 Bxc3 35. Rc1 Rxc5 36. Ne3 a4 37. Nd1 Bd4 38. Rxc5 Bxc5
39. Nc3 a3 40. Na2 g4 41. Kg2 Kg7 42. f3 h5 43. h3 f5 44. hxg4 hxg4 45. fxg4
fxg4 46. Kf1 Kf6 47. Ke2 Bd6 48. Kf2 Kf5 49. Nc3 Be5 50. Na2 Ke4 51. Nb4
Bd4+ 52. Ke2 Be5 53. Kf2 Bc3 54. Na2 Kd3 {White resigns} 0-1

[Event "ICC tourney 2040 (30 10)"]
[Site "Internet Chess Club"]
[Date "2020.10.04"]
[Round "2"]
[White "prkukuku"]
[Black "WonderZ"]
[Result "0-1"]
[ICCResult "White checkmated"]
[WhiteElo "1264"]
[BlackElo "2082"]
[Opening "Sicilian"]
[ECO "B50"]
[NIC "SI.01"]
[Time "13:05:13"]
[TimeControl "1800+10"]

1. e4 c5 2. Nf3 d6 3. Nc3 Nc6 4. Bb5 e6 5. Bxc6+ bxc6 6. O-O e5 7. d3 Be7 8.
h3 Nf6 9. Bg5 h6 10. Bxf6 Bxf6 11. Ne2 Be6 12. c3 d5 13. Re1 Qc7 14. Rc1 O-O
15. b3 g6 16. c4 d4 17. Qd2 Bg7 18. b4 cxb4 19. Qxb4 c5 20. Qd2 Rab8 21. Rb1
Kh7 22. Ng3 Rxb1 23. Rxb1 Rb8 24. Rxb8 Qxb8 25. Kh2 Qb6 26. h4 Bg4 27. Ng1
Qf6 28. f3 Qxh4+ 29. Nh3 Bxh3 30. gxh3 h5 31. Qe2 Bh6 32. Qf2 Bf4 33. Kg2
Qg5 34. Kh2 h4 35. Kg2 Qxg3+ 36. Qxg3 Bxg3 37. Kf1 Kh6 38. Ke2 Kg5 39. a4 a6
40. Kd2 Bf4+ 41. Kc2 Be3 42. a5 Kf4 43. Kb3 Kxf3 44. Ka4 Kg3 45. Kb3 Kxh3
46. Kc2 Kg2 47. Kd1 h3 48. Ke2 h2 49. Kd1 h1=Q+ 50. Ke2 Qf1# {White
checkmated} 0-1

[Event "ICC tourney 2040 (30 10)"]
[Site "Internet Chess Club"]
[Date "2020.10.04"]
[Round "2"]
[White "icyblizzard"]
[Black "e4f5"]
[Result "0-1"]
[ICCResult "White checkmated"]
[WhiteElo "2046"]
[BlackElo "2228"]
[Opening "Sicilian: Canal-Sokolsky (Nimzovich-Rossolimo, Moscow) attack"]
[ECO "B51"]
[NIC "SI.01"]
[Time "13:05:15"]
[TimeControl "1800+10"]

1. e4 c5 2. Nf3 d6 3. Bb5+ Nd7 4. d4 Nf6 5. Nc3 cxd4 6. Qxd4 a6 7. Bxd7+
Bxd7 8. Nd2 Bc6 9. Nc4 d5 10. exd5 Nxd5 11. O-O Nb4 12. Qxd8+ Rxd8 13. Ne3
g6 14. a3 Nd5 15. Nexd5 Bxd5 16. Rd1 Bc6 17. Bg5 h6 18. Bh4 g5 19. Bg3 Bg7
20. Rxd8+ Kxd8 21. Rd1+ Kc8 22. Nd5 Bxd5 23. Rxd5 Rd8 24. Rc5+ Kd7 25. b3
Ke6 26. h4 f5 27. Bc7 Rd1+ 28. Kh2 Bd4 29. Ra5 Bxf2 30. hxg5 hxg5 31. Re5+
Kd7 32. Ba5 e6 33. Re2 Bc5 34. a4 Rd5 35. Bd2 g4 36. Bf4 Bd6 37. Bxd6 Kxd6
38. Kg3 e5 39. Rf2 Ke6 40. Kh4 Kf6 41. c4 Rd3 42. Rb2 e4 43. c5 e3 44. b4
Rd2 45. Rb1 Rxg2 46. b5 axb5 47. axb5 Rh2+ 48. Kg3 Rf2 49. c6 bxc6 50. b6
Kg5 51. Rb4 f4+ 52. Rxf4 Rxf4 53. b7 Rb4 54. Kg2 Rxb7 55. Kg3 Re7 56. Kg2 e2
57. Kg3 e1=Q+ 58. Kg2 Re2# {White checkmated} 0-1

[Event "ICC tourney 2040 (30 10)"]
[Site "Internet Chess Club"]
[Date "2020.10.04"]
[Round "2"]
[White "BBCC2020"]
[Black "chesslin"]
[Result "1-0"]
[ICCResult "Black resigns"]
[WhiteElo "2213"]
[BlackElo "1875"]
[Opening "Modern defense: Averbakh system"]
[ECO "A40"]
[NIC "KF.02"]
[Time "13:05:18"]
[TimeControl "1800+10"]

1. d4 g6 2. c4 Bg7 3. Nc3 d6 4. e4 Nd7 5. Be3 e5 6. d5 a5 7. Bd3 Ngf6 8. f3
h5 9. Nge2 Nc5 10. Bc2 Bd7 11. O-O O-O 12. a3 Na6 13. Qd2 Kh7 14. Rfb1 Ng8
15. b4 Bh6 16. c5 axb4 17. axb4 dxc5 18. bxc5 Nxc5 19. Rxa8 Qxa8 20. f4 b6
21. fxe5 Bxe3+ 22. Qxe3 Qe8 23. Qd4 Qe7 24. Rf1 Nh6 25. h3 Re8 26. d6 cxd6
27. exd6 Qe5 28. Nd5 Re6 29. Nf6+ Kg7 30. Qxe5 Rxe5 31. Nd4 Ng8 32. Nxd7
Nxd7 33. Ra1 Ra5 34. Rxa5 bxa5 35. Nc6 Kf6 36. e5+ Kg7 37. Kf2 Nh6 38. Ke3
Nf5+ 39. Bxf5 gxf5 40. Nxa5 Nxe5 41. Kd4 Kf6 42. Kd5 f4 43. Nc6 Nd7 44. Nd8
h4 45. Kc6 Ne5+ 46. Kc7 Kf5 47. Nc6 Ng6 48. Nd4+ Ke4 49. d7 Kxd4 50. d8=Q+
Ke4 51. Qf6 Ne5 52. Qxh4 f5 53. Qe7 f3 54. gxf3+ Kf4 55. Qd6 {Black resigns}
1-0

[Event "ICC tourney 2040 (30 10)"]
[Site "Internet Chess Club"]
[Date "2020.10.04"]
[Round "2"]
[White "IAlwaysWin"]
[Black "dopolian"]
[Result "0-1"]
[ICCResult "White resigns"]
[WhiteElo "2120"]
[BlackElo "2366"]
[Opening "English: symmetrical, Rubinstein system"]
[ECO "A16"]
[NIC "EO.36"]
[Time "13:06:01"]
[TimeControl "1800+10"]

1. c4 Nf6 2. Nc3 c5 3. g3 d5 4. cxd5 Nxd5 5. Bg2 Nc7 6. Nf3 Nc6 7. O-O e5 8.
d3 Be7 9. Be3 Bd7 10. Rc1 Rc8 11. Ne1 O-O 12. Nc2 b6 13. Rb1 f5 14. a3 a5
15. Nd5 Nxd5 16. Bxd5+ Kh8 17. Bg2 Be6 18. Bd2 Bb3 19. Qc1 Nd4 20. Nxd4 cxd4
21. Qe1 Bd5 22. b4 Bxg2 23. Kxg2 Qd5+ 24. f3 a4 25. Qd1 b5 26. Rc1 Qa2 27.
Ra1 Qb2 28. Rf2 Rc2 29. Be1 Rfc8 30. e3 dxe3 {White resigns} 0-1

[Event "ICC tourney 2040 (30 10)"]
[Site "Internet Chess Club"]
[Date "2020.10.04"]
[Round "2"]
[White "wahoo"]
[Black "RisingRook"]
[Result "0-1"]
[ICCResult "White checkmated"]
[WhiteElo "1755"]
[BlackElo "1968"]
[Opening "Sicilian: Taimanov variation"]
[ECO "B48"]
[NIC "SI.39"]
[Time "13:05:22"]
[TimeControl "1800+10"]

1. e4 c5 2. Nf3 e6 3. d4 cxd4 4. Nxd4 Nc6 5. Nc3 a6 6. Be3 Qc7 7. f3 Nf6 8.
Qd2 Be7 9. O-O-O O-O 10. g4 b5 11. h4 Bb7 12. h5 Nxd4 13. Bxd4 e5 14. Be3 b4
15. Nd5 Nxd5 16. exd5 Bc5 17. g5 Bxe3 18. Qxe3 f5 19. h6 g6 20. d6 Qa5 21.
Bc4+ Kh8 22. Rhe1 Rae8 23. f4 Be4 24. Qa7 Qa4 25. Bb3 Qb5 26. fxe5 Rxe5 27.
Qd4 Qc5 28. Qd2 a5 29. Qe2 Rfe8 30. Qd2 Qb5 31. Qd4 a4 32. Bc4 Qc5 33. Qxc5
Rxc5 34. Bd3 Kg8 35. Bxe4 fxe4 36. Rd4 b3 37. axb3 axb3 38. c3 e3 39. Rd3
Rxg5 40. Rdxe3 Rxe3 41. Rxe3 Rg1+ 42. Kd2 Rg2+ 43. Re2 Rxe2+ 44. Kxe2 Kf7
45. Kd3 Ke6 46. Kc4 g5 47. Kd4 Kxd6 48. c4 g4 49. Ke4 g3 50. Kf3 Kc5 51.
Kxg3 Kxc4 52. Kf4 d5 53. Kg5 d4 54. Kf6 d3 55. Kg7 d2 56. Kxh7 d1=Q 57. Kh8
Qh5 58. h7 Kd3 59. Kg8 Kc2 60. h8=B Qxh8+ 61. Kxh8 Kxb2 62. Kg7 Kc2 63. Kf6
b2 64. Ke5 b1=Q 65. Ke4 Kc3+ 66. Kd5 Qd3+ 67. Kc5 Qd4+ 68. Kc6 Kc4 69. Kb7
Kb5 70. Kc7 Qd5 71. Kc8 Kb6 72. Kb8 Qd8# {White checkmated} 0-1

[Event "ICC tourney 2040 (30 10)"]
[Site "Internet Chess Club"]
[Date "2020.10.04"]
[Round "2"]
[White "che8642"]
[Black "che2468"]
[Result "1/2-1/2"]
[ICCResult "Black stalemated"]
[WhiteElo "1518"]
[BlackElo "1394"]
[Opening "Queen's pawn: Chigorin variation"]
[ECO "D00"]
[NIC "QP.08"]
[Time "13:05:17"]
[TimeControl "1800+10"]

1. d4 d5 2. Nc3 Bf5 3. f3 e6 4. g4 Qh4+ 5. Kd2 Bg6 6. Nh3 Nc6 7. Nb5 O-O-O
8. c3 e5 9. e3 exd4 10. exd4 f5 11. Qe1 Qxe1+ 12. Kxe1 fxg4 13. fxg4 Re8+
14. Kf2 Nf6 15. Bf4 Re7 16. g5 Ne4+ 17. Kg1 h6 18. Bg2 Na5 19. Nxa7+ Kb8 20.
Nb5 Nc4 21. b3 Nb6 22. a4 hxg5 23. Nxg5 Nxg5 24. Bxg5 Re6 25. a5 Nc8 26.
Bxd5 Re2 27. a6 bxa6 28. Rxa6 Nb6 29. Bf3 Re6 30. Bf4 Kc8 31. Bg4 Kd7 32.
Bxe6+ Kxe6 33. Nxc7+ Kf5 34. Rxb6 Kxf4 35. Rxg6 Rh3 36. Ne6+ Kf5 37. Nxf8
Rxc3 38. Rxg7 Ke4 39. Rg4+ Kf5 40. h3 Rxb3 41. Kh2 Rb2+ 42. Rg2 Rb4 43. Rf1+
Ke4 44. Rg4+ Kd3 45. Rf3+ Kc4 46. d5+ Kxd5 47. Rxb4 Kc5 48. Re4 Kd5 49. Rh4
Ke5 50. Ra3 Kf5 51. Ra5+ Kf6 52. Rb4 Kf7 53. Rb6 Kg7 54. Ra7+ Kg8 55. Ng6
{Black stalemated}
1/2-1/2

[Event "ICC tourney 2040 (30 10)"]
[Site "Internet Chess Club"]
[Date "2020.10.04"]
[Round "2"]
[White "chessbn"]
[Black "aquilesboy"]
[Result "1-0"]
[ICCResult "Black resigns"]
[WhiteElo "1962"]
[BlackElo "1897"]
[Opening "Queen's pawn: London system"]
[ECO "A45"]
[NIC "QP.07"]
[Time "13:05:07"]
[TimeControl "1800+10"]

1. d4 Nf6 2. Bf4 d5 3. e3 e6 4. Nf3 Bd6 5. c3 O-O 6. Bg3 b6 7. Bd3 c5 8.
Nbd2 Bb7 9. Qe2 Nc6 10. Rd1 Qc7 11. e4 dxe4 12. Nxe4 Nxe4 13. Qxe4 g6 14.
Qe3 c4 15. Bxd6 Qxd6 16. Bxc4 Rfc8 17. Be2 Kg7 18. O-O Ne7 19. Qe5+ Qxe5 20.
Nxe5 f6 21. Ng4 Bd5 22. a3 Nf5 23. Ne3 Nxe3 24. fxe3 Bb3 25. Rd2 Rab8 26. e4
Bc4 27. Bxc4 Rxc4 28. Rdf2 Rf8 29. g4 a5 30. g5 f5 31. exf5 Rxf5 32. h4 a4
33. Re1 Rxf2 34. Kxf2 Kf7 35. Re5 Rc6 36. Rb5 Ke7 37. Rb4 Kd6 38. Rxa4 e5
39. dxe5+ Kxe5 40. Ra7 Rd6 41. Ke3 Rd1 42. Rxh7 Rb1 43. Rg7 Kf5 44. Rf7+ Kg4
45. Rf4+ Kg3 46. Rb4 Re1+ 47. Kd2 Re6 48. Kd3 Rd6+ 49. Ke4 Rc6 50. Kd5 Rc5+
51. Kd6 Rf5 52. a4 Kh3 53. Kc6 {Black resigns} 1-0

[Event "ICC tourney 2040 (30 10)"]
[Site "Internet Chess Club"]
[Date "2020.10.04"]
[Round "2"]
[White "VincentT2008"]
[Black "SuperPuzzler"]
[Result "0-1"]
[ICCResult "White resigns"]
[WhiteElo "1794"]
[BlackElo "1978"]
[Opening "King's Indian: Sämisch, double fianchetto variation"]
[ECO "E82"]
[NIC "KI.45"]
[Time "13:06:01"]
[TimeControl "1800+10"]

1. d4 Nf6 2. c4 g6 3. Nc3 Bg7 4. e4 d6 5. f3 O-O 6. Be3 b6 7. Qd2 c5 8. d5
Nbd7 9. Nh3 a6 10. Nf2 Rb8 11. Be2 b5 12. cxb5 axb5 13. Bxb5 Qa5 14. a4 Ba6
15. O-O Ne5 16. Qe2 Bxb5 17. Nxb5 Ned7 18. Nd1 Rfc8 19. Ndc3 Nb6 20. Rfc1
Nfd7 21. f4 Ra8 22. Bd2 c4 23. Nd1 Qa6 24. Bc3 Nc5 25. Bxg7 Kxg7 26. Ra3
Ncxa4 27. Nbc3 Nxc3 28. Nxc3 Qb7 29. Rca1 Kg8 30. Qd2 Nd7 31. h3 Nc5 32.
Rxa8 Rxa8 33. Rxa8+ Qxa8 34. e5 Nd3 35. exd6 exd6 36. Kh2 Qb7 37. Nd1 Qxd5
38. Ne3 Qd4 39. Nc2 Qxb2 40. Qe2 Kg7 41. f5 Qe5+ {White resigns} 0-1

[Event "ICC tourney 2040 (30 10)"]
[Site "Internet Chess Club"]
[Date "2020.10.04"]
[Round "2"]
[White "davika21"]
[Black "ASharikov"]
[Result "0-1"]
[ICCResult "White resigns"]
[WhiteElo "1902"]
[BlackElo "2305"]
[Opening "Caro-Kann: Tartakower (Nimzovich) variation"]
[ECO "B15"]
[NIC "CK.06"]
[Time "13:05:14"]
[TimeControl "1800+10"]

1. e4 c6 2. d4 d5 3. Nc3 dxe4 4. Nxe4 Nf6 5. Nxf6+ exf6 6. Nf3 Bd6 7. Bd3
O-O 8. O-O Bg4 9. c3 Nd7 10. h3 Bh5 11. Re1 Qc7 12. Be2 Rfe8 13. Be3 f5 14.
Nh4 Bxe2 15. Rxe2 g6 16. Bg5 Nf8 17. Qe1 Qd7 18. Nf3 Rxe2 19. Qxe2 Re8 20.
Qd2 Re4 21. Re1 Qe6 22. b3 f6 23. Bh6 g5 24. Bxf8 Kxf8 25. Rxe4 Qxe4 26. Qe1
Qc2 27. Qe6 Qc1+ 28. Ne1 Be7 29. Kf1 Qxc3 30. Qxf5 Qxd4 31. Qc8+ Bd8 32.
Qxb7 Bb6 33. Qc8+ Kg7 34. Qf5 Bc5 35. Qc2 h5 36. Qe2 g4 37. hxg4 hxg4 38.
Nc2 Qf4 39. Ne3 Bxe3 40. Qxe3 Qxe3 41. fxe3 Kg6 42. Ke2 Kf5 43. Kd3 Ke5 44.
b4 a6 45. a3 f5 46. Kd2 Ke4 47. Ke2 f4 48. exf4 Kxf4 49. Kf2 g3+ 50. Ke2 Ke4
51. Kd2 Kd4 52. Ke2 Kc3 53. Kf3 Kb3 54. Kxg3 Kxa3 55. Kf4 Kxb4 56. g4 Kc5
57. Ke5 a5 58. g5 a4 59. g6 a3 60. g7 a2 61. g8=Q a1=Q+ 62. Kf4 Qd4+ 63. Kf3
Qd5+ 64. Qxd5+ Kxd5 65. Ke3 Kc4 66. Kd2 Kb3 67. Kc1 Kc3 68. Kb1 Kd2 69. Kb2
c5 70. Kb3 Kd3 71. Kb2 c4 72. Kc1 Kc3 73. Kd1 Kb2 74. Kd2 c3+ 75. Kd3 c2 76.
Ke3 c1=Q+ 77. Kd4 Qe1 78. Kd3 Qe5 79. Kc4 Qd6 80. Kb5 Qd4 81. Kc6 Qe5 82.
Kd7 Qf6 83. Kc7 Qe6 84. Kb7 Qd6 85. Ka7 Qb4 86. Ka6 Kc3 87. Ka7 Kc4 88. Ka6
Kc5 89. Ka7 Kc6 {White resigns} 0-1

[Event "ICC tourney 2040 (30 10)"]
[Site "Internet Chess Club"]
[Date "2020.10.04"]
[Round "2"]
[White "BrianDeSousa"]
[Black "speedyplot"]
[Result "0-1"]
[ICCResult "White checkmated"]
[WhiteElo "2057"]
[BlackElo "1822"]
[Opening "Trompowsky attack (Ruth, Opocenský opening)"]
[ECO "A45"]
[NIC "QP.07"]
[Time "13:05:06"]
[TimeControl "1800+10"]

1. d4 Nf6 2. Bg5 d5 3. Nd2 c5 4. Bxf6 exf6 5. dxc5 Bxc5 6. Nb3 Bb6 7. e3 Nc6
8. Nf3 O-O 9. Be2 Bf5 10. O-O Ne5 11. Nbd4 Bg6 12. Rc1 Rc8 13. c3 Nc4 14. b3
Nd6 15. Bd3 Ne4 16. Bxe4 dxe4 17. Nh4 Qe7 18. Nxg6 hxg6 19. Qe2 Rfd8 20.
Rfd1 a6 21. Qb2 f5 22. Ne2 Bc7 23. c4 Be5 24. Qc2 g5 25. Rxd8+ Rxd8 26. Rd1
f4 27. Rd5 fxe3 28. fxe3 Bxh2+ 29. Kh1 Bc7 30. Rxd8+ Qxd8 31. Qxe4 Qd1+ 32.
Ng1 Qd6 33. Nf3 g4 34. Qe8+ Kh7 35. Qe4+ g6 36. Ng5+ Kg8 37. Qe8+ Kg7 38.
Qxf7+ Kh6 39. Kg1 Qd1+ 40. Kf2 g3# {White checkmated} 0-1

[Event "ICC tourney 2040 (30 10)"]
[Site "Internet Chess Club"]
[Date "2020.10.04"]
[Round "2"]
[White "drberkley"]
[Black "PawnEatingZombi"]
[Result "1-0"]
[ICCResult "Black resigns"]
[WhiteElo "1938"]
[BlackElo "2179"]
[Opening "Caro-Kann: classical, 7...Nd7"]
[ECO "B19"]
[NIC "CK.11"]
[Time "13:05:14"]
[TimeControl "1800+10"]

1. e4 c6 2. Nc3 d5 3. d4 dxe4 4. Nxe4 Bf5 5. Ng3 Bg6 6. h4 h6 7. Nf3 Nd7 8.
Bd3 Bxd3 9. Qxd3 e6 10. Bf4 Qa5+ 11. Bd2 Bb4 12. c3 Be7 13. O-O Ngf6 14.
Rfe1 Qc7 15. c4 O-O 16. Nf5 Rfe8 17. Nxe7+ Rxe7 18. Rad1 Ree8 19. Qc2 Rac8
20. Qc1 Nf8 21. Bf4 Qb6 22. Re3 a5 23. Rb3 Qa6 24. a4 Red8 25. Bg3 Ng6 26.
Ne5 Nxe5 27. Bxe5 Ne8 28. Rg3 Kh7 29. h5 f6 30. Bf4 Rd7 31. Rg6 Kg8 32. Bxh6
b5 33. Qe3 Nc7 34. Qg3 Ne8 35. Re1 bxa4 36. Rxe6 Qxc4 37. Rxe8+ Rxe8 38.
Rxg7+ Kh8 39. Rxd7 {Black resigns} 1-0